 Dungeon Sprint DCSS version 0.30-a0-881-g1ff12e1e11 (webtiles) character file.

Game seed: 11786621445023942155

7 dialectric the Trooper (level 2, -5/22 HPs)
             Began as an Octopode Wanderer on Mar 14, 2023.
             Slain by a worm (12 damage)
             ... in the Dungeon (Sprint II: "The Violet Keep of Menkaure").
             The game lasted 00:00:14 (16 turns).

dialectric the Trooper (Octopode Wanderer)            Turns: 16, Time: 00:00:14

Health: -5/22      AC:  1    Str: 13    XL:     2   Next: 0%
Magic:  2/2        EV: 12    Int: 13    God:
Gold:   0          SH:  0    Dex: 10    Spells: 1/1 levels left

rFire   . . .      SeeInvis .    a - +2 mace
rCold   . . .      Faith    .    (no shield)
rNeg    . . .      Spirit   .    (helmet restricted)
rPois   .          Reflect  .    (no amulet)
rElec   .          Rampage  .    (no ring)
rCorr   .          NoTele   +    (no ring)
Will    .....                    (no ring)
Stlth   ++                       (no ring)
HPRegen 0.23/turn                (no ring)
MPRegen 0.08/turn                (no ring)
                                 (no ring)
                                 (no ring)

@: no status effects
A: almost no armour, amphibious, 8 rings, camouflage 1, gelatinous body 1,
(nimble swimmer 1), tentacles
a: no special abilities


You were in the Dungeon.
You visited 1 branch

Inventory:

Hand Weapons
 a - a +2 mace (weapon)
 b - a +0 falchion
 d - a +0 dagger
Missiles
 c - 11 poisoned darts (quivered)
Scrolls
 j - a scroll of blinking
Potions
 e - 2 potions of curing
 f - a potion of heal wounds
 g - a potion of haste
 h - 2 potions of magic
 i - a potion of berserk rage


   Skills:
 + Level 3.8 Fighting
 + Level 3.7 Long Blades
 + Level 2.4 Maces & Flails
 + Level 2.2 Throwing


You had one spell level left.
You didn't know any spells.
Your spell library was empty.

Dungeon Overview and Level Annotations

Branches:
Dungeon (1/1)

Altars:


Innate Abilities, Weirdness & Mutations

You cannot wear most types of armour.
You are amphibious.
You can wear up to eight rings at the same time.
Your skin changes colour to match your surroundings (Stealth+).
Your rubbery body absorbs attacks. (AC +1, EV +1)
((You are camouflaged when in or above water. (Stealth+)))
You have tentacles for arms and can constrict up to eight enemies at once.


Message History

You begin with the following items: a +2 mace, a +0 falchion, 11 poisoned darts, a +0 dagger, 2 potions of curing, a potion of heal wounds, a potion of haste, 2 potions of magic, a potion of berserk rage, a scroll of blinking.
Okay, then.
You open the door.
A merfolk siren comes into view. It is wielding a +0 spear.
Found 243 gold pieces.
You close the door.
You open the door. 3 worms come into view.
You hit the worm. You grab the worm.
The worm is lightly wounded.
You constrict the worm. You hit the worm.
The worm is moderately wounded.
You constrict the worm. The worm barely misses you.
You hit the worm.
The worm is severely wounded.
You constrict the worm. The worm bites you.
You sock the worm!
You kill the worm!
You hit the worm. You grab the worm.
The worm is lightly wounded.
You constrict the worm. You hit the worm but do no damage.
The worm is moderately wounded.
You constrict the worm. The worm bites you.
You sock the worm!
The worm is severely wounded.
You constrict the worm. The worm misses you.
You hit the worm but do no damage.
The worm is severely wounded.
You constrict the worm. The worm bites you.
* * * LOW HITPOINT WARNING * * *
You hit the worm.
You kill the worm!
You have reached level 2!
You hit the worm. You grab the worm. You squeeze the worm, but do no damage.
The worm is lightly wounded.
You constrict the worm. The worm bites you!
Ouch! That really hurt!
You die...

## ## .##
.# .. #
.#. ##.
#w#
#.m.##@##
#$+.<.+
#...##.##
##. #+# #


You could see a worm.

Vanquished Creatures
  2 worms (D)
2 creatures vanquished.

Vanquished Creatures (others)
  Menkaure (D)
1 creature vanquished.

Grand Total: 3 creatures vanquished

Notes
Turn   | Place    | Note
-------+----------+-------------------------------------------
     0 | D        | dialectric the Octopode Wanderer began the quest for the
                  | Orb.
     0 | D        | dialectric set off with the following items: a +2 mace, a
                  | +0 falchion, 11 poisoned darts, a +0 dagger, 2 potions of
                  | curing, a potion of heal wounds, a potion of haste, 2
                  | potions of magic, a potion of berserk rage, a scroll of
                  | blinking.
     0 | D        | Reached XP level 1. HP: 16/16 MP: 1/1
     1 | D        | Noticed a merfolk siren
    13 | D        | Killed Menkaure
    15 | D        | Reached XP level 2. HP: 6/22 MP: 2/2
    16 | D        | Slain by a worm

Illustrated notes

Levels and vault maps discovered:
D:        the_violet_keep_of_menkaure [sprint2_stairs_cluster_1,
          sprint2_shoproom, sprint2_temple, sprint2_basic_supplies,
          sprint2_obstacle_3, sprint2_obstacle_7, sprint2_obstacle_5,
          sprint2_obstacle_6, sprint2_obstacle_1, sprint2_timed_cluster_1,
          sprint2_smallroom_cluster_1, sprint2_smallroom_final_cluster_1,
          sprint2_transparent_cluster_1, sprint2_second_timed_cluster_1,
          sprint2_sniper_area_1, sprint2_heavy_combat_area_1,
          sprint2_mutation_trap_area_1, sprint2_forest_area_1,
          sprint2_light_combat_area_1, sprint2_behind_water_1,
          sprint2_near_end_vault_1]

Action                     || total
---------------------------++-------
  Melee: Mace              ||    10
         Constrict         ||     3
         Tentacles         ||     1
  Dodge: Dodged            ||     2

Table legend: (Time is in decaauts)
 A = Elapsed time spent in this place.
 B = Non-inter-level travel time spent in this place.
 C = Inter-level travel time spent in this place.
 D = Time resting spent in this place.
 E = Time spent auto-exploring this place.
 F = Levels seen in this place.
 G = Mean time per level.
                   A        B        C        D        E       F      G
               +--------+--------+--------+--------+--------+-----+--------+
         Total |     18 |     18 |      0 |      0 |      0 |   1 |   18.0 |
       Dungeon |     18 |     18 |      0 |      0 |      0 |   1 |   18.0 |
               +--------+--------+--------+--------+--------+-----+--------+

Top non-repeatable levels by time:
       D: 18 daAuts
